 Dungeon Crawl Stone Soup version 0.28-a0-529-g3bad584f25 (webtiles) character file.

Game seed: 1077842906567052779

21 demibob the Insei (level 2, 24/24 HPs)
             Began as a Demonspawn Monk on Sept 24, 2021.
             Was a Believer of Nemelex Xobeh.
             Quit the game on level 1 of the Dungeon.
             The game lasted 00:00:47 (478 turns).

demibob the Insei (Demonspawn Monk)                  Turns: 478, Time: 00:00:47

Health: 24/24      AC:  2    Str: 11    XL:     2   Next: 65%
Magic:  2/2        EV: 12    Int: 11    God:    Nemelex Xobeh [**....]
Gold:   13         SH:  0    Dex: 15    Spells: 1/1 levels left

rFire   . . .      SeeInvis .     - Unarmed
rCold   . . .      Faith    .   (no shield)
rNeg    . . .      Spirit   .   a - +0 robe
rPois   .          Reflect  .   (no helmet)
rElec   .          Harm     .   (no cloak)
rCorr   .          Rampage  .   (no gloves)
Will    .....                   (no boots)
Stlth   ++........              (no amulet)
HPRegen 0.08/turn               (no ring)
MPRegen 0.08/turn               (no ring)

@: no status effects
A: sturdy frame 1
a: Renounce Religion, Draw Escape, Draw Destruction, Draw Summoning


You were on level 1 of the Dungeon.
You worshipped Nemelex Xobeh.
Nemelex Xobeh was pleased with you.
You visited 1 branch of the dungeon, and saw 1 of its levels.

You collected 13 gold pieces.


Innate Abilities, Weirdness & Mutations

Your movements are slightly less encumbered by armour. (ER -2)


   Skills:
 - Level 3.0 Fighting
 - Level 2.6 Dodging
 - Level 1.7 Stealth
 + Level 3.6 Unarmed Combat


You had one spell level left.
You didn't know any spells.
Your spell library contained the following spells:

 Spells                   Type           Power      Damage    Failure   Level
 Sandblast                Erth           0%         2d4       34%         1
 Passwall                 Tmut/Erth      0%         N/A       47%         2
 Stone Arrow              Conj/Erth      0%         3d7       71%         3

Inventory:

Armour
 a - a +0 robe (worn)
Jewellery
 I - a +6 ring of intelligence
Scrolls
 b - a scroll of identify {unknown}
Potions
 c - a potion of lignification {unknown}

Dungeon Overview and Level Annotations

Branches:
Dungeon (1/15)

Altars:
Nemelex Xobeh

≈▒.≈# #.# ≈▒.≈.
#.#
.▒.≈#.######.###
▒▒.≈...........#
≈▒ .######'▒▒▒
▒▒+ ≈▒
#.▒..▒▒▒..▒ ≈▒
#..▒.......▒ ≈▒
##.▒▒.....▒▒ ≈▒
## ▒8.@..▒ ▒▒
▒.....▒ 8..
▒.......▒ ≈≈≈
▒..▒▒▒..▒ .##
+▒▒▒ ▒▒+ .. .


There were no monsters in sight!


Message History

Moving in this stuff is going to be slow.
Found a mace.
You enter the shallow water.
Moving in this stuff is going to be slow.
You see here a +0 mace.
Found a stone staircase leading down.
Found 18 stones.
You see here 18 stones.
You open the door.
An endoplasm comes into view.
Found a faded altar of an unknown god.
An endoplasm is nearby!
An endoplasm is nearby!
An endoplasm is nearby!
There is an open door here.
The helpless endoplasm fails to defend itself.
You punch the endoplasm!
You kill the endoplasm!
No target in view!
There is a faded altar of an unknown god here.
You cannot tell which god this altar belongs to.
Convert to them anyway?
Nemelex Xobeh accepts your prayer! Nemelex Xobeh welcomes you!
Nemelex will now gift you decks of power as you gain piety.
Nemelex Xobeh deals you some cards!
You now have 1 escape card, 5 destruction cards and 3 summoning cards.
You can now draw from decks of power.
Nemelex Xobeh deals you some cards!
You now have 2 escape cards, 7 destruction cards and 5 summoning cards.
Are you sure you want to abandon this character and quit the game? (Confirm with "yes".)

Skill      XL: |  1 |
---------------+----+-----
Unarmed Combat | 3 |  3.6
Fighting       | |  3.0
Dodging        | |  2.6
Stealth        | |  1.7

Action                   || total
-------------------------++-------
Melee: Unarmed           ||    35
 Stab: Sleeping          ||     3
Armor: Robe              ||    10
Dodge: Dodged            ||    18

Levels and vault maps discovered:
D:1:      lightli_arrival_isolated_outpost, layout_loops_corners,
          hellmonk_ecumenical_altar_slurped_away, minmay_misc_feat_room

Notes
Turn   | Place    | Note
-------+----------+-------------------------------------------
     0 | D:1      | demibob the Demonspawn Monk began the quest for the Orb.
     0 | D:1      | Reached XP level 1. HP: 18/18 MP: 1/1
   117 | D:1      | Reached skill level 3 in Unarmed Combat
   117 | D:1      | Gained mutation: Your movements are slightly less
                  | encumbered by armour. (ER -2) [demonic ancestry]
   117 | D:1      | Reached XP level 2. HP: 18/24 MP: 2/2
   470 | D:1      | Found a faded altar of an unknown god.
   477 | D:1      | Became a worshipper of Nemelex Xobeh the Trickster
   477 | D:1      | Reached * piety under Nemelex Xobeh
   477 | D:1      | Received a gift from Nemelex Xobeh
   477 | D:1      | Reached ** piety under Nemelex Xobeh
   477 | D:1      | Received a gift from Nemelex Xobeh
   478 | D:1      | Quit the game

Vanquished Creatures
  A gnoll (D:1)
  A ball python (D:1)
  4 endoplasms (D:1)
  2 jackals (D:1)
  A kobold (D:1)
  A bat (D:1)
  A frilled lizard (D:1)
11 creatures vanquished.

Table legend: (Time is in decaauts)
 A = Elapsed time spent in this place.
 B = Non-inter-level travel time spent in this place.
 C = Inter-level travel time spent in this place.
 D = Time resting spent in this place.
 E = Time spent auto-exploring this place.
 F = Levels seen in this place.
 G = Mean time per level.
                   A        B        C        D        E       F      G
               +--------+--------+--------+--------+--------+-----+--------+
         Total |    482 |    482 |      0 |      0 |    394 |   1 |  482.0 |
       Dungeon |    482 |    482 |      0 |      0 |    394 |   1 |  482.0 |
               +--------+--------+--------+--------+--------+-----+--------+

Top non-repeatable levels by time:
     D:1: 482 daAuts

Table legend:
 A = Non-vault XP
 B = Vault XP
 C = Vault XP percentage of total XP
 D = Non-vault monster count
 E = Vault monster count
 F = Vault count percentage of total count
                 A         B        C        D         E       F
            +---------+---------+-------+---------+---------+-------
      Total |      29 |       2 |   6.5 |      10 |       1 |   9.1
            +---------+---------+-------+---------+---------+-------
        D:1 |      29 |       2 |   6.5 |      10 |       1 |   9.1
            +---------+---------+-------+---------+---------+-------
